 Dungeon Crawl Stone Soup version 0.18.1-50-g88ac8fd (webtiles) character file.

118 Gargoyl the Skirmisher (level 4, 0/37 HPs)
             Began as a Demonspawn Abyssal Knight on Oct 28, 2016.
             Was a Believer of Lugonu.
             Killed by nerve-wracking pain
             ... invoked by Menkaure
              (6 damage)
             ... on level 4 of the Dungeon.
             The game lasted 00:04:45 (2317 turns).

Gargoyl the Skirmisher (Demonspawn Abyssal Knight)  Turns: 2317, Time: 00:04:47

Health: 0/37       AC: 16    Str: 13    XL:     4   Next: 72%
Magic:  5/5        EV: 11    Int: 13    God:    Lugonu [**....]
Gold:   196        SH:  0    Dex: 15    Spells: 0 memorised, 3 levels left

rFire  . . .     SeeInvis .     a - +1 hand axe
rCold  . . .     Gourm    .     e - +3 ring mail
rNeg   . . .     Faith    .     (no shield)
rPois  .         Spirit   .     (no helmet)
rElec  .         Dismiss  .     (no cloak)
rCorr  .         Reflect  .     (no gloves)
SustAt .         Harm     .     h - +0 pair of boots
MR     .....                    (no amulet)
Stlth  +.........               (no ring)
                                m - +4 ring of dexterity

@: not resistant to hostile enchantments, very unstealthy
A: rough black scales 2
a: Depart the Abyss, Bend Space, Renounce Religion


You were on level 4 of the Dungeon.
You worshipped Lugonu.
Lugonu was pleased with you.
You were very hungry.

You visited 1 branch of the dungeon, and saw 4 of its levels.
You visited the Abyss 1 time.

You collected 196 gold pieces.

Inventory:

Hand Weapons
 a - a +1 hand axe (weapon)
Armour
 e - a +3 ring mail (worn)
 h - a +0 pair of boots (worn)
Jewellery
 m - a +4 ring of dexterity (left hand)
Wands
 f - a wand of hasting (4/9)
Scrolls
 d - 4 scrolls of identify
 g - 2 scrolls of remove curse {unknown}
 i - a scroll of teleportation {unknown}
 j - a scroll of enchant armour {unknown}
 k - a scroll of immolation {unknown}
 l - a scroll of enchant weapon {unknown}
Potions
 n - a potion of berserk rage {unknown}
 o - a potion of resistance {unknown}
 q - a potion of curing
Comestibles
 b - a beef jerky
 c - a bread ration
 p - a slice of pizza


   Skills:
 + Level 4.1 Fighting
 + Level 2.6 Axes
 + Level 2.2 Armour
 + Level 2.0 Dodging
 + Level 0.2 Stealth
 + Level 2.4 Invocations


You had 3 spell levels left.
You didn't know any spells.

Dungeon Overview and Level Annotations

Branches:
Dungeon (4/15)
 Temple: D:4-7

Altars:

Annotations:
D:4 Menkaure


Innate Abilities, Weirdness & Mutations

You are mostly covered in rough black scales (AC +7, Dex -2).


Message History

Menkaure seems to speed up.
You barely miss Menkaure. Menkaure hits you!
You hit Menkaure.
Menkaure is lightly damaged.
Menkaure breathes soot at you. Menkaure hits you.
You completely miss Menkaure.
Menkaure is lightly damaged.
Menkaure closely misses you. x2
You hit Menkaure.
Menkaure is lightly damaged.
Menkaure hits you!
You hit Menkaure.
Menkaure is moderately damaged.
Menkaure points at you and mumbles some strange words.
Pain shoots through your body!
* * * LOW HITPOINT WARNING * * *
Menkaure gestures at you while chanting.
Pain shoots through your body!
You die...

#.####.####### #.
#.....### #.
#........<
#.####.....####
#............. ####
#>............. #...
##.#.......####
####...####.#.#.....#
......M@......#.[...#
####...####.##......#
#..... ............
#.#... #.##......#. #
#... #.# .....## ....
..# ... ##... ### .
###.


You could see Menkaure.

Vanquished Creatures
  Ijyb (D:2)
  3 adders
  An ooze (D:3)
  An adder skeleton (D:4)
  A worm (D:3)
  A dart slug (D:2)
  A giant gecko (D:2)
  An orc (D:3)
  5 giant cockroaches
  12 goblins
  7 hobgoblins
  3 bats
  3 giant newts
  7 kobolds
  4 rats
51 creatures vanquished.

Vanquished Creatures (others)
  4 starspawn tentacles (Abyss:1)
  21 starspawn tentacle segments (Abyss:1)
25 creatures vanquished.

Grand Total: 76 creatures vanquished

Notes
Turn   | Place    | Note
--------------------------------------------------------------
     0 | Abyss:1  | Gargoyl the Demonspawn Abyssal Knight began the quest for the Orb.
     0 | Abyss:1  | Reached XP level 1. HP: 18/18 MP: 2/2
     5 | Abyss:1  | Found a corrupted altar of Lugonu.
    66 | Abyss:1  | Noticed a large abomination
    77 | Abyss:1  | Noticed a tentacled starspawn
    86 | Abyss:1  | Noticed a ynoxinul
   118 | Abyss:2  | Noticed a blink frog
   122 | Abyss:2  | Found a corrupted altar of Lugonu.
   176 | Abyss:4  | Noticed a spatial maelstrom
   176 | Abyss:4  | Noticed a spatial maelstrom
   176 | Abyss:4  | Noticed a spatial maelstrom
   176 | Abyss:4  | Noticed a spatial maelstrom
   176 | Abyss:4  | Noticed a spatial maelstrom
   176 | Abyss:4  | Noticed a spatial maelstrom
   178 | Abyss:4  | Noticed a spatial vortex
   179 | Abyss:4  | Noticed a spatial maelstrom
   179 | Abyss:4  | Noticed a spatial maelstrom
   179 | Abyss:4  | Noticed a spatial maelstrom
   179 | Abyss:4  | Noticed a spatial vortex
   179 | Abyss:4  | Noticed a spatial vortex
   179 | Abyss:4  | Noticed a spatial vortex
   179 | Abyss:4  | Noticed a spatial vortex
   179 | Abyss:4  | Noticed a spatial vortex
   179 | Abyss:4  | Noticed a spatial vortex
   179 | Abyss:4  | Noticed a spatial vortex
   179 | D:1      | Escaped the Abyss
   369 | D:1      | Reached * piety under Lugonu
   412 | D:1      | Gained mutation: You are partially covered in rough black scales (AC +4, Dex -1). [demonic ancestry]
   412 | D:1      | Reached XP level 2. HP: 18/24 MP: 3/3
   720 | D:2      | Reached skill level 1 in Dodging
   722 | D:2      | Noticed Ijyb
   764 | D:2      | Killed Ijyb
   764 | D:2      | Reached XP level 3. HP: 22/30 MP: 4/4
   853 | D:2      | Reached skill level 4 in Fighting
  1315 | D:2      | Gained mutation: You are mostly covered in rough black scales (AC +7, Dex -2). [demonic ancestry]
  1315 | D:2      | Reached XP level 4. HP: 37/37 MP: 5/5
  1363 | D:2      | Reached ** piety under Lugonu
  2309 | D:4      | Noticed Menkaure
  2317 | D:4      | Killed from afar by Menkaure

Skill      XL: |  1  2  3  4 |
---------------+-------------+-----
Armour         | 2 |  2.2
Axes           | 2 |  2.6
Dodging        | 1 2 |  2.0
Fighting       | 4 |  4.1
Stealth        | |  0.2
Invocations    | |  2.4

Action                   |  1- 3 |  4- 6 || total
-------------------------+-------+-------++-------
Melee: Hand axe          |   133 |    90 ||   223
Invok: Depart the Abyss  |     1 |       ||     1
  Use: Scroll            |     1 |       ||     1
  Eat: Chunk             |     1 |     3 ||     4
Armor: Ring mail         |    78 |    36 ||   114
Dodge: Dodged            |    76 |    45 ||   121
